 Dungeon Crawl Stone Soup version 0.19-a0-1193-g2641e52 (webtiles) character file.

69 Leszczynek the Cudgeler (level 4, -2/45 HPs)
             Began as an Ogre Earth Elementalist on Aug 20, 2016.
             Killed from afar by an orc wizard (7 damage)
             ... with a magic dart
             ... on level 4 of the Dungeon.
             The game lasted 00:09:14 (1517 turns).

Leszczynek the Cudgeler (Ogre Earth Elementalist)   Turns: 1517, Time: 00:09:15

Health: -2/45      AC:  3    Str: 14    XL:     4   Next: 20%
Magic:  2/7        EV: 10    Int: 14    God:
Gold:   75         SH:  0    Dex: 10    Spells: 1 memorised, 6 levels left

rFire  . . .     SeeInvis .     b - 58 stones
rCold  + . .     Gourm    .     c - +0 robe
rNeg   . . .     Faith    .     (no shield)
rPois  .         Spirit   .     (helmet restricted)
rElec  .         Dismiss  .     (no cloak)
rCorr  .         Reflect  .     (gloves unavailable)
MR     .....     Harm     .     (boots unavailable)
Stlth  +.........               (no amulet)
                                (no ring)
                                m - ring of protection from cold

@: very slightly contaminated
A: unfitting armour, tough skin 1
a: no special abilities


You were on level 4 of the Dungeon.
You were not hungry.

You visited 1 branch of the dungeon, and saw 4 of its levels.

You collected 75 gold pieces.

Inventory:

Hand Weapons
 a - a +0 flail
Missiles
 b - 58 stones (in hand)
 h - 8 tomahawks
 s - 12 sling bullets
Armour
 c - a +0 robe (worn)
Jewellery
 m - a ring of protection from cold (left hand)
Scrolls
 g - 3 scrolls of identify {unknown}
 i - a scroll of enchant weapon {unknown}
 l - 3 scrolls of remove curse {unknown}
 n - a scroll of immolation {unknown}
 t - a scroll of amnesia {unknown}
Potions
 f - a potion of heal wounds {unknown}
 o - a potion of berserk rage {unknown}
 r - a potion of curing {unknown}
Books
 e - a book of Geomancy

   Spells                             Type                      Level
   a - Sandblast                      Earth                        1
   b - Passwall                       Transmutation/Earth          2
   c - Stone Arrow                    Conjuration/Earth            3
   d - Petrify                        Transmutation/Earth          4
   e - Lee's Rapid Deconstruction     Earth                        5
Comestibles
 d - 3 bread rations
 j - 3 chunks of flesh
 k - a beef jerky
 p - 3 fruits
 q - a slice of pizza


   Skills:
 - Level 3.1 Fighting
 + Level 3.5 Maces & Flails
 - Level 1.7 Dodging
 - Level 1.5 Stealth
 - Level 2.4 Spellcasting
   Level 0.6 Transmutations
 - Level 2.1 Earth Magic


You had 6 spell levels left.
You knew the following spells:

 Your Spells              Type           Power        Failure   Level  Hunger
a - Sandblast             Erth           #.....       12%         1    #......


Dungeon Overview and Level Annotations

Branches:
Dungeon (4/15)
 Temple: D:4-7

Altars:
Ashenzari
Nemelex Xobeh
Ru

Annotations:
D:2 Natasha


Innate Abilities, Weirdness & Mutations

You are too large for most types of armour.
You have tough skin. (AC +1)


Message History

Aiming: Sandblast
Press: ? - help, Shift-Dir - straight line, f/p - orc wizard
Aim: an orc wizard, wielding a dagger and wearing a robe (moderately wounded)
The rocky blast hits the orc wizard.
The orc wizard is moderately wounded.
The orc priest calls upon Beogh to heal the orc wizard.
The orc wizard's wounds heal themselves!
The orc wizard barely misses you.
An orc priest comes into view. It is wielding a mace.
The orc priest shouts!
The orc priest invokes the aid of Beogh against you.
Beogh smites you!
The orc priest mumbles some strange prayers to Beogh against you.
Beogh smites you!
The orc priest invokes the aid of Beogh against you.
Beogh smites you!
* * * LOW HITPOINT WARNING * * *
The orc wizard points at you and mumbles some strange words.
The magic dart hits you!
You die...

.%. #o# ##.####.###.#
## ...o........# #..
#o# #.# #.# # #.##
#.# . ...
#o############# # #.#
#...@.........#######
###.#
##########..........#
.<..### #.##.#......
###.#.## #.##...###.#
#....# #.###### #.#
#.#.## ###.########.#
#.#.# #.............
#.#.# #.#..........#
#.#.# #.############


You could see an orc wizard.

Vanquished Creatures
  2 adders
  3 oozes
  A worm (D:2)
  A giant gecko (D:4)
  6 orcs
  4 giant cockroaches
  3 goblins
  A hobgoblin (D:1)
  2 bats
  4 giant newts
  3 rats (D:1)
30 creatures vanquished.

Notes
Turn   | Place    | Note
-------+----------+-------------------------------------------
     0 | D:1      | Leszczynek the Ogre Earth Elementalist began the quest for the Orb.
     0 | D:1      | Reached XP level 1. HP: 16/16 MP: 3/3
    52 | D:1      | Reached skill level 1 in Fighting
    62 | D:1      | Reached skill level 2 in Fighting
    78 | D:1      | Reached XP level 2. HP: 28/28 MP: 1/5
   499 | D:2      | Reached skill level 3 in Fighting
   542 | D:2      | Found a sparkling altar of Nemelex Xobeh.
   545 | D:2      | Reached skill level 1 in Maces & Flails
   545 | D:2      | Reached XP level 3. HP: 35/37 MP: 3/6
   559 | D:2      | Found a sacrificial altar of Ru.
   672 | D:2      | Reached skill level 2 in Maces & Flails
   686 | D:2      | Noticed Natasha
  1027 | D:3      | Reached skill level 3 in Maces & Flails
  1151 | D:3      | Reached XP level 4. HP: 45/45 MP: 4/7
  1355 | D:3      | Found a shattered altar of Ashenzari.
  1517 | D:4      | Killed from afar by an orc wizard

Vault maps used:
D:1:      lightli_arrival_boilingwater
D:2:      nicolae_ru_awakened_eye, first_bread, nemelex_dance_club_becter,
          uniq_natasha
D:3:      lemuel_crystal_altar

Skill      XL: |  1  2  3 |
---------------+----------+-----
Fighting       | 2 3 |  3.1
Maces & Flails | 1 3 |  3.5
Dodging        | |  1.7
Stealth        | |  1.5
Spellcasting   | |  2.4
Transmutations | |  0.6
Earth Magic    | |  2.1

Action                   |  1- 3 |  4- 6 || total
-------------------------+-------+-------++-------
Melee: Hand axe          |     9 |       ||     9
       Flail             |       |     7 ||     7
 Cast: Sandblast         |    43 |    16 ||    59
 Stab: Sleeping          |       |     1 ||     1
  Eat: Chunk             |     1 |     2 ||     3
Armor: Robe              |    12 |     6 ||    18
Dodge: Dodged            |    19 |     9 ||    28
